 Dungeon Crawl Stone Soup version 0.29.1-15-g9cfb28693d (console) character file.

Game seed: 2652655735067305716

2625 Zeor the Covert (level 9, -10/47 HPs)
             Began as a Vine Stalker Brigand on Mar 19, 2023.
             Was a Follower of Wu Jian.
             Engulfed by a steam dragon's steam (11 damage)
             ... on level 7 of the Dungeon on Mar 20, 2023.
             The game lasted 00:34:55 (7237 turns).

Zeor the Covert (Vine Stalker Brigand)              Turns: 7237, Time: 00:34:55

Health: -10/47     AC:  6    Str: 14    XL:     9   Next: 60%
Magic:  0/10       EV: 12    Int: 11    God:    Wu Jian [*.....]
Gold:   296        SH: 10    Dex: 20    Spells: 8/8 levels left

rFire   . . .      SeeInvis .   b - +2 short sword (elec)
rCold   . . .      Faith    +   y - +0 kite shield
rNeg    . . .      Spirit   +   c - +0 leather armour {rPois}
rPois   +          Reflect  .   w - +0 helmet
rElec   .          Harm     .   o - +1 cloak
rCorr   +          Rampage  .   (no gloves)
Will    +....                   (no boots)
Stlth   ++++......              j - amulet of faith
HPRegen 0.95/turn               s - ring of resist corrosion
MPRegen 0.12/turn               (no ring)

@: about to teleport
A: fangs 3, regeneration 1, magic shield, antimagic bite, no potion heal 2
a: Renounce Religion


You were on level 7 of the Dungeon.
You worshipped Wu Jian.
Wu Jian was aware of your devotion.
You visited 2 branches of the dungeon, and saw 8 of its levels.

You collected 445 gold pieces.
You spent 149 gold pieces at shops.

Inventory:

Hand Weapons
 a - a +0 dagger of freezing
 b - a +2 short sword of electrocution (weapon)
 e - a +2 dagger of speed
 g - a +0 rapier
 n - a +2 dagger
 t - a +2 short sword of speed
 v - a +0 rapier
Missiles
 d - 14 poisoned darts
 p - 8 boomerangs (quivered)
 q - 2 curare-tipped darts
 x - a throwing net
Armour
 c - a +0 leather armour of poison resistance (worn)
 f - a +2 leather armour of cold resistance
 o - a +1 cloak (worn)
 w - a +0 helmet (worn)
 y - a +0 kite shield (worn)
Jewellery
 j - an amulet of faith (around neck)
 s - a ring of resist corrosion (left hand)
Scrolls
 k - 2 scrolls of teleportation
 l - 2 scrolls of butterflies
 u - a scroll of amnesia
Potions
 h - a potion of ambrosia
 i - a potion of flight
 m - a potion of resistance
 z - a potion of brilliance
 A - 2 potions of might


   Skills:
 * Level 5.3 Fighting
 + Level 5.9 Short Blades
 + Level 2.5 Throwing
 + Level 3.3 Armour
 + Level 4.6 Dodging
 + Level 8.4 Stealth
 * Level 2.9 Shields


You had 8 spell levels left.
You didn't know any spells.
Your spell library contained the following spells:

 Spells                   Type           Power      Damage    Failure   Level
 Foxfire                  Conj/Fire      0%         2x1d4     80%         1
 Magic Dart               Conj           0%         1d3       80%         1
 Summon Small Mammal      Summ           0%         N/A       80%         1
 Searing Ray              Conj           0%         2d4       91%         2
 Call Canine Familiar     Summ           0%         N/A       99%         3
 Conjure Flame            Conj/Fire      0%         6-21      99%         3
 Gell's Gravitas          Tloc           0%         N/A       99%         3
 Inner Flame              Hex/Fire       0%         N/A       99%         3
 Summon Guardian Golem    Hex/Summ       0%         N/A       99%         3
 Teleport Other           Tloc           0%         N/A       99%         3
 Flame Wave               Conj/Fire      0%         2d4       100%        4
 Fulminant Prism          Conj/Hex       0%         3d6       100%        4
 Freezing Cloud           Conj/Ice/Air   0%         6-21      100%        5
 Dispersal                Tloc           0%         N/A       100%        6
 Simulacrum               Ice/Necr       0%         N/A       100%        6
 Polar Vortex             Ice            0%         N/A       100%        9


Dungeon Overview and Level Annotations

Branches:
Dungeon (7/15)             Temple (1/1) D:6

Altars:
Ashenzari
Cheibriados
Dithmenos
Elyvilon
Fedhas
Gozag
Hepliaklqana
Kikubaaqudgha
Makhleb
Nemelex Xobeh
Okawaru
Qazlal
Ru
Sif Muna
Trog
Uskayaw
Vehumet
Wu Jian
Xom
Yredelemnul
Zin
The Shining One

Shops:
D:5 *


Innate Abilities, Weirdness & Mutations

You have razor-sharp teeth.
Your natural rate of healing is unusually fast.
When hurt, damage is shared between your health and your magic reserves.
Your bite disrupts and absorbs the magic of your enemies.
Potions cannot restore your health.


Message History

You barely miss something. Your bite misses something. Something hits you.
Something shocks you.
You miss something. Your bite misses something. You block something's attack.
You hit something. Your bite misses something.
Something hits you but does no damage.
You miss something. You bite something. Something hits you but does no damage.
You hit something. Your bite misses something. You hit something.
You bite something. You drain its power.
You feel invigorated. The steam dragon breathes steam at you.
The ball of steam hits you!! Something hits you. Something shocks you.
You hear an angry hiss.
You barely miss something. You bite something. The Council accepts your kill.
Reactivating autopickup.
You feel a bit more experienced.
You are engulfed in a cloud of scalding steam.
You barely miss the steam dragon.
You bite the steam dragon, but do no damage.
The steam dragon bites you. You block the steam dragon's attack.
You hit the steam dragon.
The steam dragon is lightly wounded.
You block the steam dragon's attack. x2; The steam dragon closely misses you.
You block the steam dragon's attack.
You hit the steam dragon but do no damage.
Lightning courses through the steam dragon!
Your bite misses the steam dragon.
The steam dragon is moderately wounded.
You block the steam dragon's attack. The steam dragon closely misses you.
You barely miss the steam dragon. Your bite misses the steam dragon.
The steam dragon is moderately wounded.
The steam dragon breathes steam at you. The ball of steam hits you!!
* * * LOW HITPOINT WARNING * * *
Okay, then.
Okay, then.
As you read the scroll of teleportation, it crumbles to dust.
You feel strangely unstable.
You are engulfed in a cloud of scalding steam.
You die... ∙∙∙∙∙∙∙∙∙∙∙∙∙∙∙ ∙∙∙∙∙∙∙∙∙∙∙∙∙∙∙ ∙∙∙∙∙∙∙∙∙Y∙∙∙∙D ∙∙∙∙∙∙∙∙∙S∙∙∙∙∙

∙∙∙∙∙∙K∙∙∙∙∙∙∙▒
∙∙∙∙∙∙∙∙∙∙∙∙∙∙▒
∙∙∙∙∙∙∙∙▒
∙∙∙∙∙~∙∙▒▒▒▒
▒▒▒▒▒▒~SDf∙▒▒
▒▒∙▒▒∙∙▒
▒∙▒▒▒∙▒▒▒▒▒ ▒∙▒
▒∙∙∙∙∙▒ ▒∙▒
▒∙∙▒▒'▒▒ ▒∙▒
▒▒▒▒∙∙∙▒▒▒▒▒▒ ▒∙▒
▒▒∙∙∙∙∙▒▒∙∙▒▒▒▒
▒∙
▒▒∙8∙∙∙8∙▒▒∙∙∙∙∙
▒▒∙▒∙∙∙∙∙▒∙▒▒∙∙∙∙


You could see a steam dragon (catching breath) and a water moccasin.

Vanquished Creatures
  Grinder (D:3)
  A water moccasin (D:5)
  An orc warrior (D:7)
  An ice beast (D:6)
  A sky beast (D:7)
  A black bear (D:6)
  An ogre (D:6)
  2 centaurs
  A phantom (D:4)
  A kobold brigand (D:7)
  2 bullfrogs (D:7)
  2 necrophages
  4 scorpions
  6 killer bees (D:7)
  A jelly (D:5)
  An orc priest (D:5)
  2 gnoll boudas (D:5)
  4 hounds
  6 orc wizards
  An iguana (D:5)
  10 gnolls (D:5)
  12 adders
  2 river rats (D:3)
  A white imp (D:4)
  3 ufetubi
  3 worms
  2 dart slugs
  36 orcs
  6 ball pythons
  6 endoplasms
  8 giant cockroaches
  12 goblins
  12 hobgoblins
  5 jackals
  6 quokkas
  8 bats
  4 frilled lizards (D:1)
  4 kobolds
  8 rats
188 creatures vanquished.

Vanquished Creatures (others)
  2 plants (D:6)
2 creatures vanquished.

Grand Total: 190 creatures vanquished

Notes
Turn   | Place    | Note
-------+----------+-------------------------------------------
     0 | D:1      | Zeor the Vine Stalker Brigand began the quest for the Orb.
     0 | D:1      | Reached XP level 1. HP: 11/11 MP: 2/2
    52 | D:1      | Reached skill level 5 in Stealth
   270 | D:1      | Reached XP level 2. HP: 12/15 MP: 1/3
  1158 | D:1      | Reached XP level 3. HP: 15/18 MP: 4/4
  1381 | D:2      | Reached skill level 1 in Dodging
  1557 | D:2      | Reached skill level 6 in Stealth
  1617 | D:2      | You fall into a shaft and drop 1 floor!
  1650 | D:3      | Noticed Grinder
  1663 | D:3      | Paralysed by Grinder for 3 turns
  1678 | D:3      | Killed Grinder
  1679 | D:3      | Gained mutation: Your natural rate of healing is unusually
                  | fast. [Vine Stalker growth]
  1679 | D:3      | Reached XP level 4. HP: 2/23 MP: 2/5
  1679 | D:3      | Reached XP level 5. HP: 3/26 MP: 2/6
  1679 | D:3      | Reached XP level 6. HP: 3/30 MP: 2/7
  2176 | D:3      | Reached skill level 7 in Stealth
  3507 | D:4      | Reached XP level 7. HP: 35/35 MP: 8/8
  3653 | D:4      | Reached skill level 1 in Armour
  3836 | D:4      | Noticed a yak
  3860 | D:4      | You fall into a shaft and drop 1 floor!
  3860 | D:5      | Entered Level 5 of the Dungeon
  4464 | D:5      | Found Xyge's Neck Hole.
  4530 | D:5      | Bought a +1 cloak for 149 gold pieces
  4621 | D:5      | Gained mutation: You have razor-sharp teeth. [Vine Stalker
                  | growth]
  4621 | D:5      | Reached XP level 8. HP: 34/40 MP: 7/9
  4926 | D:5      | Reached skill level 5 in Short Blades
  5683 | D:6      | Found a staircase to the Ecumenical Temple.
  5689 | Temple   | Entered the Ecumenical Temple
  5926 | Temple   | Became a worshipper of the Wu Jian Council
  6062 | D:6      | Reached skill level 1 in Shields
  6196 | D:6      | Found a shimmering blue altar of Sif Muna.
  6282 | D:6      | Reached XP level 9. HP: 42/46 MP: 10/10
  6681 | D:6      | Reached skill level 8 in Stealth
  6882 | D:7      | Reached skill level 5 in Fighting
  7079 | D:7      | Reached * piety under Wu Jian
  7236 | D:7      | HP: 1/47 [steam dragon/ball of steam (20)]
  7237 | D:7      | Engulfed by a steam dragon's steam

Illustrated notes

Levels and vault maps discovered:
D:1:      nzn_arrival_depleted_hourglass, layout_loops_corners,
          grunt_decor_clamped, kennysheep_small_spiral
D:2:      layout_basic
D:3:      layout_loops_corners, gup_sewer_entry_spiral, uniq_grinder
D:4:      cheibrodos_barr_body, layout_cave_pools
D:5:      layout_loops_corners, minmay_misc_feat_tower,
          nicolae_shop_sticking_my_neck_out
D:6:      layout_gridville, nicolae_sif_muna_condensation,
          minmay_temple_entry_gardened_gates
D:7:      layout_basic, nrook_mini_vaults, dk_noncrumbling_3,
          chequers_serial_rivers_small_a, kennysheep_dice
Temple:   mainiacjoe_temple_archimedes_tessellation

Skill      XL: |  1  2  3  4  5  6  7  8  9 |
---------------+----------------------------+-----
Stealth        | 5 6 7 8 |  8.4
Short Blades   | 2 3 4 5 |  5.9
Dodging        | 1 2 3 4 |  4.6
Fighting       | 2 3 4 5 |  5.3
Armour         | 1 2 3 |  3.3
Throwing       | 2 |  2.5
Shields        | 1 2 |  2.9

Action                   |  1- 3 |  4- 6 |  7- 9 || total
-------------------------+-------+-------+-------++-------
Melee: Dagger            |    95 |   168 |   257 ||   520
       Bite              |    18 |    42 |   155 ||   215
       Punch             |     1 |     1 |     3 ||     5
       Short sword       |       |       |   225 ||   225
Throw: Boomerang         |       |       |    10 ||    10
       Dart              |       |       |     9 ||     9
Invok: Lunge             |       |       |    10 ||    10
  Use: Scroll            |     6 |     3 |     4 ||    13
       Potion            |     2 |       |     4 ||     6
 Stab: Sleeping          |    14 |    14 |    14 ||    42
       Distracted        |     1 |       |       ||     1
Armor: Robe              |    13 |       |       ||    13
       Leather armour    |     4 |    27 |   131 ||   162
Dodge: Dodged            |    30 |    43 |   251 ||   324
Block: Kite shield       |       |       |    64 ||    64
